 Dungeon Crawl Stone Soup version 0.16-b1 (webtiles) character file.

188 dysrexia the Cleaver (level 5, 0/42 HPs)
             Began as a Hill Orc Gladiator on Mar 7, 2015.
             Killed by divine providence
             ... invoked by an orc priest
              (9 damage)
             ... on level 3 of the Dungeon.
             The game lasted 00:10:33 (2425 turns).

dysrexia the Cleaver (Hill Orc Gladiator)           Turns: 2425, Time: 00:10:33

Health: 0/42       AC:  7    Str: 19    XL:     5   Next: 67%
Magic:  5/5        EV: 10    Int:  8    God:
Gold:   240        SH:  0    Dex: 11    Spells: 0 memorised, 4 levels left

rFire  . . .     SeeInvis .     a - +0 war axe
rCold  . . .     Clarity  .     l - +0 scale mail (curse)
rNeg   . . .     SustAb   .     (no shield)
rPois  .         Gourm    .     c - +0 helmet
rElec  .         Spirit   .     (no cloak)
rCorr  .         Warding  .     (no gloves)
rMut   .         Stasis   .     (no boots)
MR     .....                    (no amulet)
Stlth  ..........               (no ring)
                                (no ring)

@: not resistant to hostile enchantments, extremely unstealthy
A: no striking features
a: Convert to Beogh


You were on level 3 of the Dungeon.
You were not hungry.

You visited 1 branch of the dungeon, and saw 4 of its levels.

You collected 240 gold pieces.

Inventory:

Hand weapons
 a - a +0 war axe (weapon)
Missiles
 d - 3 throwing nets (quivered)
 k - 12 poisoned needles
Armour
 b - a +0 leather armour
 c - a +0 helmet (worn)
 l - a cursed +0 scale mail (worn)
 x - a +0 plate armour
Jewellery
 i - an uncursed amulet of stasis
Magical devices
 j - a wand of random effects (37)
Scrolls
 e - 2 scrolls of teleportation
 q - a scroll of identify
 s - a scroll of noise {unknown}
 t - 2 scrolls of remove curse {unknown}
 w - 2 scrolls of enchant armour {unknown}
 y - a scroll of fear {unknown}
 A - a scroll of random uselessness {unknown}
Potions
 h - a potion of cure mutation
 m - 3 potions of brilliance
 o - a potion of restore abilities {unknown}
 r - 2 potions of agility
 u - a potion of heal wounds {unknown}
Comestibles
 f - 5 meat rations
 g - a beef jerky
 n - 3 bread rations


   Skills:
 - Level 2.4 Fighting
 + Level 8.1 Axes
 - Level 2.0 Throwing
 - Level 2.4 Dodging


You had 4 spell levels left.
You didn't know any spells.

Dungeon Overview and Level Annotations

Branches:
Dungeon (4/15)
 Temple: D:4-7

Altars:
Okawaru
Ru
Yredelemnul


Message History

You are too injured to fight recklessly!
You slash the orc!
You kill the orc!
The orc closely misses you.
You closely miss the orc. The orc hits you but does no damage.
You hit the orc but do no damage. The orc hits you but does no damage.
An orc priest comes into view.
The orc priest shouts!
The orc priest shouts, "Beogh is our master!
Accept the truth or die!" (press Y on the ability menu to convert to Beogh)
You hit the orc but do no damage. The orc barely misses you.
The orc hits you but does no damage.
You hit the orc.
The orc is severely wounded.
The orc hits you but does no damage.
You hit the orc.
You kill the orc!
The orc priest invokes the aid of Beogh against you.
Something smites you!
You die...

#.# ######..###.#.#.####.#
#.######.....#..##..###[....#
#.o......#.#..#..#(#.#.######
#######).._............#
#..#.#...#.#.###.#
##.....#.#.#.# #.#
####..#<#.#.###.#
#.o....#.....# ####@#########
####### #.# #.....# #.#
#.###.# #.# #.# #.# #.#
######## #.###.#####.#
#<.....#
#.........#.######.####.#
#..##.###....#.......##.#
#########......###.#.##.#


You could see an orc priest.

Vanquished Creatures
  An orc wizard (D:3)
  Crazy Yiuf (D:3)
  A gnoll shaman (D:3)
  An adder (D:2)
  A giant mite (D:2)
  2 worms (D:2)
  2 giant geckos
  7 orcs (D:3)
  8 bats
  A giant cockroach (D:3)
  7 goblins
  4 hobgoblins (D:1)
  9 kobolds
  3 quokkas
  14 giant newts
  8 rats
70 creatures vanquished.

Notes
Turn   | Place    | Note
--------------------------------------------------------------
     0 | D:1      | dysrexia, the Hill Orc Gladiator, began the quest for the Orb.
     0 | D:1      | Reached XP level 1. HP: 18/18 MP: 1/1
   153 | D:1      | Reached XP level 2. HP: 23/25 MP: 2/2
   231 | D:1      | Reached skill level 5 in Axes
   373 | D:1      | Reached XP level 3. HP: 27/30 MP: 3/3
  1052 | D:2      | Reached skill level 6 in Axes
  1080 | D:2      | Reached XP level 4. HP: 30/37 MP: 4/4
  1327 | D:3      | Found a sacrificial altar of Ru.
  1552 | D:3      | Noticed Crazy Yiuf
  1603 | D:3      | Killed Crazy Yiuf
  1603 | D:3      | Reached skill level 7 in Axes
  1659 | D:3      | Found an iron altar of Okawaru.
  1859 | D:3      | Found a basalt altar of Yredelemnul.
  1987 | D:3      | Reached XP level 5. HP: 32/42 MP: 5/5
  2311 | D:3      | HP: 2/42 [gnoll shaman/whip (3)]
  2322 | D:3      | Reached skill level 8 in Axes
  2425 | D:3      | Killed from afar by an orc priest

Action                   |  1- 3 |  4- 6 || total
-------------------------+-------+-------++-------
Melee: War axe           |    98 |   141 ||   239
  Use: Scroll            |     3 |     1 ||     4
       Potion            |       |     3 ||     3
  Eat: Chunk             |     1 |     3 ||     4
       Royal jelly       |       |     1 ||     1
